 Dungeon Crawl Stone Soup version 0.31-a0-177-g4aa6249778 (console) character file.

Game seed: 308703585331358401

278908 jejorda2 the Bludgeoner (level 20, -15/163 HPs)
             Began as a Gnoll Berserker on June 17, 2023.
             Was a High Priest of Trog.
             Killed from afar by a Hell Sentinel (69 damage)
             ... with an iron shot
             ... on level 2 of the Abyss on June 18, 2023.
             The game lasted 02:42:31 (47192 turns).

jejorda2 the Bludgeoner (Gnoll Berserker)          Turns: 47192, Time: 02:42:32

Health: -15/163    AC: 27    Str: 29      XL:     20   Next: 43%
Magic:  30/30      EV: 15    Int: 12 (14) God:    Trog [*****.]
Gold:   61         SH:  0    Dex: 18      Spells: 47/47 levels left

rFire   + . .        a - +5 eveningstar {freeze, rC+ Str+5}
rCold   + . .        f - +2 kite shield of the Unbroken {+Blink Fly rElec Will+ Dex+2}
rNeg    . . .        P - +3 plate armour
rPois   +            s - +2 helmet
rElec   +            r - +2 cloak
rCorr   +            F - +2 pair of gloves {hurl}
SInv    .            L - +0 pair of boots {rampage}
Will    ++++.        Z - amulet of the Princeling {Faith rCorr} Stlth
                     q - ring of protection from fire
HPRegen 1.47/turn    Y - ring of Ikyudd {rPois Int+6 Dex+4 Slay+2}
MPRegen 0.22/turn

%: rampage, faith
@: confused, ambrosia-drunk, strong-willed, on berserk cooldown, flying,
regenerating, slowed, very slow
A: fangs 1, strong nose, distributed training, [deformed body], [low MP 2],
[subdued magic 2]
}: 2/15 runes: decaying, serpentine
a: Renounce Religion, Evoke Blink, Berserk, Trog's Hand, Brothers in Arms


You were on level 2 of the Abyss.
You worshipped Trog.
Trog was extremely pleased with you.
You visited 6 branches of the dungeon, and saw 32 of its levels.
You visited the Abyss 1 time.
You also visited: Bailey and Ice Cave.

You collected 3357 gold pieces.
You spent 3296 gold pieces at shops.

Inventory:

Hand Weapons
 a - the +5 eveningstar of Hyumoam (weapon) {freeze, rC+ Str+5}
   (You acquired it on level 2 of the Orcish Mines)

   Str:       It affects your strength (+5).
   rC:        It protects you from cold.
 b - a +9 broad axe of electrocution
 m - a +1 demon trident of draining
 W - a +3 antimagic demon blade
Missiles
 e - 39 poisoned darts
 u - 4 throwing nets
 z - 31 javelins (quivered)
 E - 20 boomerangs
 V - 5 curare-tipped darts
Armour
 f - the +2 kite shield of the Unbroken (worn) {+Blink Fly rElec Will+ Dex+2}
   (You acquired it on level 6 of the Dungeon)

   Dex:       It affects your dexterity (+2).
   rElec:     It insulates you from electricity.
   Fly:       It grants you flight.
   +Blink:    It lets you blink.
   Will:      It increases your willpower.
 r - a +2 cloak (worn)
 s - a +2 helmet (worn)
 F - a +2 pair of gloves of hurling (worn)
 L - a +0 pair of boots of rampaging (worn)
 P - a +3 plate armour (worn)
Jewellery
 q - a ring of protection from fire (left hand)
 B - a ring of fire
 O - the ring of Uqeixir {rN+ rCorr Str+3 Dex-3 SInv}
   (You found it on level 2 of the Orcish Mines)

   [ring of see invisible]

   Str:       It affects your strength (+3).
   Dex:       It affects your dexterity (-3).
   rN:        It protects you from negative energy.
   SInv:      It lets you see invisible.
   rCorr:     It protects you from acid and corrosion.
 Y - the ring of Ikyudd (right hand) {rPois Int+6 Dex+4 Slay+2}
   (You bought it in a shop on level 2 of the Orcish Mines)

   [ring of intelligence]

   Int:       It affects your intelligence (+6).
   Dex:       It affects your dexterity (+4).
   Slay:      It affects your accuracy & damage with ranged weapons and melee
   (+2).
   rPois:     It protects you from poison.
 Z - the amulet of the Princeling (around neck) {Faith rCorr}
   (You bought it in a shop on level 2 of the Orcish Mines)

   [amulet of faith]

   It allows you to gain divine favour quickly.
   rCorr:     It protects you from acid and corrosion.
Wands
 o - a wand of digging (16)
 x - a wand of flame (45)
 A - a wand of roots (14)
 D - a wand of charming (50)
 G - a wand of polymorph (14)
 I - a wand of mindburst (16)
 T - a wand of quicksilver (5)
Scrolls
 d - 7 scrolls of butterflies
 g - 8 scrolls of immolation
 h - 7 scrolls of fog
 j - 2 scrolls of fear
 l - 8 scrolls of teleportation
 t - 3 scrolls of poison
 y - 5 scrolls of revelation
 H - 2 scrolls of enchant weapon
Potions
 c - a potion of haste
 i - 7 potions of curing
 k - 2 potions of might
 p - 5 potions of mutation
 v - 3 potions of enlightenment
 w - 5 potions of heal wounds
 C - 2 potions of cancellation
 K - 6 potions of attraction
 M - 2 potions of invisibility
 N - a potion of ambrosia
Miscellaneous
 n - a phial of floods
 J - a lightning rod (4/4)
 Q - a sack of spiders
 S - a condenser vane


   Skills:
 + Level 15.5 Fighting
 + Level 14.2 Short Blades
 + Level 14.2 Long Blades
 + Level 14.2 Axes
 + Level 15.5 Maces & Flails
 + Level 14.2 Polearms
 + Level 14.2 Staves
 + Level 14.2 Ranged Weapons
 + Level 14.2 Throwing
 + Level 14.9 Armour
 + Level 14.9 Dodging
 + Level 14.2 Stealth
 + Level 14.2 Shields
 + Level 14.2 Unarmed Combat
 + Level 14.2 Spellcasting
 + Level 12.1 Conjurations
 + Level 12.1 Hexes
 + Level 12.1 Summonings
 + Level 12.1 Necromancy
 + Level 12.1 Translocations
 + Level 12.1 Transmutations
 + Level 12.1 Fire Magic
 + Level 12.1 Ice Magic
 + Level 12.1 Air Magic
 + Level 12.1 Earth Magic
 + Level 12.1 Poison Magic
 + Level 15.4 Invocations
 + Level 14.2 Evocations


You had 47 spell levels left.
You didn't know any spells.
Your spell library was empty.

Dungeon Overview and Level Annotations

Branches:
Dungeon (15/15)            Temple (0/1) D:5            Lair (5/5) D:11
  Swamp (4/4) Lair:2        Snake (4/4) Lair:3        Slime (0/5) Lair:5
    Orc (2/2) D:10            Elf (0/3) Orc:2        Vaults (2/5) D:14
 Depths (0/4) D:15         Bailey (visited)           IceCv (visited)
  Crypt: Vaults:2-3

Altars:
Cheibriados
Elyvilon
Fedhas
Gozag
Hepliaklqana
Kikubaaqudgha
Makhleb
Okawaru
Trog
Uskayaw
Vehumet
Xom
Jiyva
Lugonu

Shops:
D:10 (   D:13 :   Orc:2 *?*=   Snake:1 *=![   Snake:4 :   Vaults:1 **[

Portals:
Abyss: Lair:5


Innate Abilities, Weirdness & Mutations

You have very sharp teeth.
Your uncanny sense of smell can sniff out nearby items.
Your experience applies equally to all skills.
[Armour fits poorly on your strangely shaped body.]
[Your magical capacity is very low. (-20% MP)]
[Your spells are easier to cast, but less powerful.]


Message History

You hear a bark!
Unknown command.
A red film seems to cover your vision as you go berserk!
You feel yourself moving faster!
You feel mighty! The Hell Sentinel barely misses you.
The Hell Sentinel closely misses you.
Unknown command.
You bludgeon the Hell Sentinel!!
The Hell Sentinel is heavily wounded.
You barely miss the Hell Sentinel. Your bite misses the Hell Sentinel.
The Hell Sentinel is heavily wounded.
You block the Hell Sentinel's attack. The Hell Sentinel misses you.
You completely miss the Hell Sentinel.
The Hell Sentinel is heavily wounded.
The wretched star pulses with an eldritch light!
Your connection to magic feels subdued.
Your connection to magic feels more subdued.
You feel less energetic. x2
You sock the Hell Sentinel!
The Hell Sentinel is heavily wounded.
The Hell Sentinel misses you. The Hell Sentinel hits you!
* * * LOW HITPOINT WARNING * * *
You hit the Hell Sentinel but do no damage.
The Hell Sentinel is heavily wounded.
The wretched star glows turbulently.
The lance of force hits you!
* * * LOW HITPOINT WARNING * * *
You are knocked back by the lance of force.
You feel a strong urge to attack something.
Okay, then.
You are no longer berserk.
You are exhausted.
You feel yourself slow down.
Your iron troll goes berserk!
Your skin crawls.
You feel strong-willed.
You are confused.
You feel invigorated. The Hell Sentinel gestures at you.
The iron shot hits you!!!
You die...

. .. .# .# ..
##..# #.# .5.#
..# #*#.# ## ..
#.1.######.#
#..#...##...#
#..#......##@T##
#.... ..##..#
#.....##.#.
1#..# ...#
..##.....#.#.#
.. . ##
.#...#..# # #
... #.....#...
.##. ## .##.....
. ##. .###.. .#
## ##


You could see a Hell Sentinel (ally target) and a friendly iron troll (summoned,
berserk).

Vanquished Creatures
  Vashnia (Snake:2)
  Rupert (D:15)
  Zenata (Vaults:1)
  3 tentacled starspawn (Abyss:2)
  Gastronok (D:8)
  3 fenstrider witches (Swamp:2)
  Donald (Vaults:1)
  3 nagarajas (Snake:4)
  A revenant (Abyss:2)
  A fire giant (shapeshifter) (D:12)
  A fire giant (D:12)
  A vault warden (Vaults:1)
  Aizul (Snake:2)
  7 ironbound preservers (Vaults:1)
  A reaper (IceCv)
  A very ugly thing (D:15)
  A draconian annihilator (Abyss:2)
  A formless jellyfish (Vaults:1)
  An ironbound thunderhulk (Vaults:1)
  4 eleionomae
  Nessos (Orc:2)
  8 dire elephants (Vaults:1)
  A deep elf annihilator (D:12)
  Azrael (Orc:2)
  6 bunyips
  A green death (Abyss:2)
  An ettin (D:12)
  An entropy weaver (Vaults:1)
  A yaktaur captain (D:12)
  A shambling mangrove (Swamp:3)
  Erolcha (D:9)
  The ghost of Jiolyugh the Geomancer, a journeyman GrEE of Qazlal (D:14)
  2 great orbs of eyes
  3 salamander tyrants
  15 hydras
  Harold (D:9)
  4 ironbound frosthearts (Vaults:1)
  A catoblepas (Lair:5)
  A vault guard (D:14)
  16 anacondas
  A ghost crab (Swamp:4)
  An ogre mage (D:15)
  12 two-headed ogres
  7 boulder beetles
  15 naga warriors
  7 centaur warriors
  2 tengu warriors
  14 alligators
  A death knight (D:12)
  A vampire mage (Abyss:2)
  2 hell hogs (Abyss:2)
  16 naga sharpshooters
  The ghost of jasper the Nimble, a journeyman SpVM of Sif Muna (Orc:2)
  An orc high priest (Orc:1)
  9 shock serpents
  5 thrashing horrors
  9 spriggans
  2 wretched stars (Abyss:2)
  Sonja (Orc:1)
  2 skysharks
  A goliath frog (Swamp:1)
  3 sea snakes (Snake:2)
  7 salamander mystics
  12 deep trolls (Vaults:1)
  4 spriggan druids
  A glowing orange brain (Abyss:2)
  2 spectral hydras (Swamp:4)
  6 ironbound convokers (Vaults:1)
  13 naga ritualists
  10 bog bodies
  3 swamp dragons
  A wizard (Vaults:1)
  3 orc knights
  A deep elf pyromancer (D:14)
  13 mana vipers
  4 lindwurms (Vaults:1)
  2 phantasmal warriors (Swamp:4)
  A wolf spider (shapeshifter) (Lair:5)
  A faun (shapeshifter) (Lair:5)
  2 cyclopes
  12 ugly things
  2 manticores (D:12)
  4 will-o-the-wisps
  An orc sorcerer (Orc:2)
  21 salamanders
  Maurice (D:8)
  9 vault sentinels (Vaults:1)
  5 guardian serpents
  12 elephants
  20 naga magi
  Joseph (D:8)
  An ice statue (IceCv)
  A guardian serpent (shapeshifter) (Lair:5)
  38 black mambas
  2 gargoyles
  An apocalypse crab (Abyss:2)
  9 cane toads
  A torpor snail (Lair:3)
  A smoke demon (Abyss:2)
  Maggie (D:8)
  3 unseen horrors (D:13)
  Psyche (D:9)
  8 komodo dragons
  A centaur skeleton (Abyss:2)
  3 rime drakes
  An anaconda simulacrum (IceCv)
  3 efreet
  12 yaktaurs
  A swamp worm zombie (Swamp:4)
  3 hydra zombies (Swamp:4)
  A queen bee (Lair:2)
  15 trolls
  A polar bear (Lair:2)
  3 ancient zymes
  A wind drake (shapeshifter) (D:14)
  6 tyrant leeches
  2 bloated husks
  A tarantella (shapeshifter) (D:14)
  The ghost of lunkers the Basher, an amateur MeRe of Uskayaw (D:4)
  A meliai (shapeshifter) (D:13)
  A raiju (Abyss:2)
  10 hornets
  3 alligator zombies (Swamp:4)
  19 blink frogs
  A culicivora (shapeshifter) (Lair:5)
  19 slime creatures
  2 shadows
  A spectral swamp dragon (Swamp:4)
  6 wyverns
  A ynoxinul (Lair:5)
  3 vampires
  2 wraiths
  2 dire elephant simulacra (IceCv)
  3 fire elementals (Orc:2)
  A golden eye (shapeshifter) (Lair:5)
  10 humans (D:14)
  A redback (Vaults:1)
  63 yaks
  A golden eye (Abyss:2)
  16 vampire mosquitoes
  6 starcursed masses (Abyss:2)
  12 basilisks
  A neqoxec (Abyss:2)
  A chaos spawn (Abyss:2)
  4 death yak simulacra (IceCv)
  50 nagas
  A harpy simulacrum (IceCv)
  17 swamp worms
  3 wargs (Orc:2)
  2 acid dragons
  2 hell hounds (Orc:2)
  A swamp drake (Swamp:4)
  25 water moccasins
  53 orc warriors
  12 small abominations
  4 swamp dragon zombies (Swamp:4)
  4 boggarts (Vaults:1)
  9 large abominations
  A black bear (shapeshifter) (Lair:5)
  A black bear (D:11)
  2 sky beasts
  8 wolves (Lair:2)
  35 centaurs
  12 ogres
  3 phantoms (Swamp:4)
  A kobold brigand (D:8)
  12 bullfrogs
  2 gnoll sergeants (D:12)
  6 cane toad simulacra (IceCv)
  3 two-headed ogre simulacra (IceCv)
  3 wights (D:8)
  40 killer bees
  2 elephant simulacra (IceCv)
  2 howler monkeys
  2 electric eels (Lair:5)
  3 lava snakes (Lair:5)
  3 hounds
  2 quasits (Abyss:2)
  A hound (shapeshifter) (Abyss:2)
  2 iron imps (Abyss:2)
  A jelly (D:6)
  20 orc priests
  A gnoll bouda (D:7)
  2 iguanas
  16 orc wizards
  6 spriggan simulacra (IceCv)
  2 spectral swamp drakes (Swamp:4)
  4 troll simulacra (IceCv)
  6 hell rats (Lair:5)
  A polar bear simulacrum (IceCv)
  A wolf simulacrum (IceCv)
  7 adders
  20 gnolls
  6 naga simulacra (IceCv)
  A river rat (Lair:2)
  20 white imps
  8 ufetubi (IceCv)
  A worm (D:2)
  3 dart slugs
  117 orcs
  6 bats
  6 endoplasms
  3 giant cockroaches
  11 goblins
  9 hobgoblins
  4 quokkas
  10 ball pythons
  5 frilled lizards
  13 kobolds
  4 rats
1344 creatures vanquished.

Vanquished Creatures (collateral kills)
  A bone dragon (Swamp:4)
  A titan (shapeshifter) (D:15)
  2 nagarajas (Snake:4)
  An orc warlord (Orc:2)
  A salamander tyrant (Snake:4)
  A naga sharpshooter (Snake:2)
  A guardian serpent (Snake:4)
  An ice devil (IceCv)
  A bloated husk (Swamp:4)
  A troll (Orc:2)
  An alligator zombie (Swamp:4)
  6 dream sheep (Lair:3)
  A spriggan (Lair:5)
  A wyvern (Lair:3)
  A small abomination (Lair:5)
  A naga (Snake:4)
  2 water moccasins
  3 orc warriors (Orc:2)
  2 bullfrogs (Lair:3)
  An elephant simulacrum (IceCv)
30 creatures vanquished.

Vanquished Creatures (others)
  A phantasmal warrior (Swamp:4)
  A spectral hydra (Swamp:4)
  2 bloated husks (Swamp:4)
  A human (D:14)
  An orc warrior (Bailey)
  A centaur (Bailey)
  4 phantoms (Swamp:4)
  2 killer bees
  13 foxfires (Swamp:2)
  9 starspawn tentacles (Abyss:2)
35 creatures vanquished.

Grand Total: 1409 creatures vanquished

Notes
Turn   | Place    | Note
-------+----------+-------------------------------------------
     0 | D:1      | jejorda2 the Gnoll Berserker began the quest for the Orb.
     0 | D:1      | Reached XP level 1. HP: 23/23 MP: 1/1
    79 | D:1      | Reached XP level 2. HP: 27/29 MP: 2/2
   667 | D:1      | Reached XP level 3. HP: 29/35 MP: 3/3
   989 | D:2      | Reached ** piety under Trog
   997 | D:2      | Reached skill level 1 in Invocations
  1074 | D:2      | Reached skill level 1 in Short Blades
  1074 | D:2      | Reached skill level 1 in Long Blades
  1074 | D:2      | Reached skill level 1 in Axes
  1074 | D:2      | Reached skill level 1 in Polearms
  1074 | D:2      | Reached skill level 1 in Staves
  1074 | D:2      | Reached skill level 1 in Ranged Weapons
  1074 | D:2      | Reached skill level 1 in Throwing
  1074 | D:2      | Reached skill level 1 in Stealth
  1074 | D:2      | Reached skill level 1 in Shields
  1074 | D:2      | Reached skill level 1 in Unarmed Combat
  1074 | D:2      | Reached skill level 1 in Spellcasting
  1074 | D:2      | Reached skill level 1 in Evocations
  1261 | D:2      | Reached XP level 4. HP: 34/41 MP: 5/5
  1408 | D:2      | You fall into a shaft and drop 1 floor!
  1715 | D:3      | Found a burning altar of Makhleb.
  1775 | D:3      | Reached skill level 1 in Conjurations
  1775 | D:3      | Reached skill level 1 in Hexes
  1775 | D:3      | Reached skill level 1 in Summonings
  1775 | D:3      | Reached skill level 1 in Necromancy
  1775 | D:3      | Reached skill level 1 in Translocations
  1775 | D:3      | Reached skill level 1 in Transmutations
  1775 | D:3      | Reached skill level 1 in Fire Magic
  1775 | D:3      | Reached skill level 1 in Ice Magic
  1775 | D:3      | Reached skill level 1 in Air Magic
  1775 | D:3      | Reached skill level 1 in Earth Magic
  1775 | D:3      | Reached skill level 1 in Poison Magic
  2116 | D:3      | Found a faded altar of an unknown god.
  2153 | D:3      | Found an opulent altar of Gozag.
  2361 | D:4      | Reached XP level 5. HP: 41/47 MP: 7/7
  2518 | D:4      | Found a runed translucent gate.
  2518 | D:4      | Found a runed translucent gate.
  2518 | D:4      | Found a runed translucent gate.
  2766 | D:4      | Found a hide-covered altar of Uskayaw.
  2767 | D:4      | Found a white marble altar of Elyvilon.
  2769 | D:4      | Found an iron altar of Okawaru.
  2769 | D:4      | Found a snail-covered altar of Cheibriados.
  3078 | D:4      | Noticed lunkers's ghost (amateur MeRe)
  3546 | D:4      | Killed lunkers's ghost
  3547 | D:4      | Reached skill level 5 in Armour
  3547 | D:4      | Reached skill level 5 in Dodging
  3547 | D:4      | Reached XP level 6. HP: 39/53 MP: 7/9
  3555 | D:4      | HP: 1/53 [orc/arrow (5)]
  3570 | D:4      | Reached XP level 7. HP: 33/60 MP: 10/10
  3713 | D:5      | Entered Level 5 of the Dungeon
  4267 | D:5      | Found a staircase to the Ecumenical Temple.
  4572 | D:5      | Found a hazy altar of Hepliaklqana.
  4764 | D:6      | Reached skill level 5 in Short Blades
  4764 | D:6      | Reached skill level 5 in Long Blades
  4764 | D:6      | Reached skill level 5 in Axes
  4764 | D:6      | Reached skill level 5 in Polearms
  4764 | D:6      | Reached skill level 5 in Staves
  4764 | D:6      | Reached skill level 5 in Ranged Weapons
  4764 | D:6      | Reached skill level 5 in Throwing
  4764 | D:6      | Reached skill level 5 in Stealth
  4764 | D:6      | Reached skill level 5 in Shields
  4764 | D:6      | Reached skill level 5 in Unarmed Combat
  4764 | D:6      | Reached skill level 5 in Spellcasting
  4764 | D:6      | Reached skill level 5 in Invocations
  4764 | D:6      | Reached skill level 5 in Evocations
  4764 | D:6      | Reached XP level 8. HP: 69/69 MP: 11/16
  4773 | D:6      | Identified a scroll of acquirement
  4773 | D:6      | Acquired the +2 kite shield of the Unbroken {+Blink Fly
                  | rElec Will+ Dex+2}
  4798 | D:6      | Noticed a troll
  4808 | D:6      | Killed a troll
  4811 | D:6      | Reached XP level 9. HP: 72/75 MP: 17/17
  5579 | D:7      | Reached *** piety under Trog
  6021 | D:8      | Noticed Maggie
  6021 | D:8      | Noticed Maurice
  6021 | D:8      | Found a flagged portal.
  6028 | D:8      | Killed Maggie
  6029 | D:8      | Reached skill level 5 in Conjurations
  6029 | D:8      | Reached skill level 5 in Hexes
  6029 | D:8      | Reached skill level 5 in Summonings
  6029 | D:8      | Reached skill level 5 in Necromancy
  6029 | D:8      | Reached skill level 5 in Translocations
  6029 | D:8      | Reached skill level 5 in Transmutations
  6029 | D:8      | Reached skill level 5 in Fire Magic
  6029 | D:8      | Reached skill level 5 in Ice Magic
  6029 | D:8      | Reached skill level 5 in Air Magic
  6029 | D:8      | Reached skill level 5 in Earth Magic
  6029 | D:8      | Reached skill level 5 in Poison Magic
  6029 | D:8      | Reached XP level 10. HP: 83/83 MP: 17/19
  6067 | D:8      | Killed Maurice
  6076 | Bailey   | Entered a bailey
  7164 | Bailey   | Acquired an amulet of the acrobat
  7494 | D:8      | Reached **** piety under Trog
  7495 | D:8      | Noticed Gastronok
  7707 | D:8      | Killed Gastronok
  7708 | D:8      | Reached XP level 11. HP: 89/89 MP: 19/21
  8128 | D:8      | Noticed Joseph
  8141 | D:8      | Killed Joseph
  8712 | D:9      | Noticed Erolcha
  8736 | D:9      | Killed Erolcha
  8888 | D:9      | Noticed Harold
  8896 | D:9      | Killed Harold
  8988 | D:9      | Noticed Psyche
  8992 | D:9      | Killed Psyche
  9379 | D:9      | Found an ancient bone altar of Kikubaaqudgha.
  9664 | D:10     | Entered Level 10 of the Dungeon
  9807 | D:10     | Reached skill level 10 in Fighting
  9807 | D:10     | Reached skill level 10 in Maces & Flails
  9873 | D:10     | Noticed a two-headed ogre
  9883 | D:10     | Killed a two-headed ogre
  9884 | D:10     | Reached XP level 12. HP: 97/97 MP: 23/23
 10026 | D:10     | Found a staircase to the Orcish Mines.
 10403 | D:10     | Noticed a two-headed ogre
 10418 | D:10     | Killed a two-headed ogre
 10435 | D:10     | Found a shimmering altar of Xom.
 10440 | D:10     | Identified the +1 robe "Tycruci" {rCorr}
 10832 | D:10     | Found Tuckant's Weapon Boutique.
 11236 | D:11     | Found a staircase to the Lair.
 11376 | D:11     | Noticed a two-headed ogre
 11376 | D:11     | Noticed a two-headed ogre
 11376 | D:11     | Noticed a two-headed ogre
 11392 | D:11     | Killed a two-headed ogre
 11398 | D:11     | Killed a two-headed ogre
 11408 | D:11     | Killed a two-headed ogre
 12151 | Lair:1   | Entered Level 1 of the Lair of Beasts
 12470 | Lair:1   | Reached XP level 13. HP: 104/104 MP: 25/25
 12619 | Lair:1   | Found a transporter.
 12621 | Lair:1   | Found a transporter.
 12890 | Lair:1   | Found the +5 robe of Misfortune {Harm *Corrode *Slow EV+5}
 13621 | Lair:2   | Reached skill level 10 in Armour
 13621 | Lair:2   | Reached skill level 10 in Dodging
 13995 | Lair:2   | Found a staircase to the Swamp.
 14122 | Lair:2   | Reached ***** piety under Trog
 14468 | Lair:2   | Received a gift from Trog
 14511 | Lair:2   | Reached skill level 10 in Invocations
 15319 | Lair:3   | Reached XP level 14. HP: 107/113 MP: 27/27
 15371 | Lair:3   | Found a frozen archway.
 15401 | IceCv    | Entered an ice cave
 16697 | IceCv    | Noticed a reaper
 16721 | IceCv    | Killed a reaper
 17166 | IceCv    | Identified the staff of conjuration "Voyc" {rElec rF+
                  | Will+}
 17945 | Lair:3   | Found a staircase to the Snake Pit.
 19814 | Lair:5   | Entered Level 5 of the Lair of Beasts
 19816 | Lair:5   | Identified the +2 mace "Miyshral" {heavy, Will+++ Int-2
                  | SInv Stlth-}
 20046 | Lair:5   | Identified the +1 ring mail of the Cicada {+Inv rF- rC+}
 20084 | Lair:5   | Found a viscous altar of Jiyva.
 20100 | Lair:5   | Found a staircase to the Slime Pits.
 20772 | Lair:5   | Reached skill level 10 in Short Blades
 20772 | Lair:5   | Reached skill level 10 in Long Blades
 20772 | Lair:5   | Reached skill level 10 in Axes
 20772 | Lair:5   | Reached skill level 10 in Polearms
 20772 | Lair:5   | Reached skill level 10 in Staves
 20772 | Lair:5   | Reached skill level 10 in Ranged Weapons
 20772 | Lair:5   | Reached skill level 10 in Throwing
 20772 | Lair:5   | Reached skill level 10 in Stealth
 20772 | Lair:5   | Reached skill level 10 in Shields
 20772 | Lair:5   | Reached skill level 10 in Unarmed Combat
 20772 | Lair:5   | Reached skill level 10 in Spellcasting
 20772 | Lair:5   | Reached skill level 10 in Evocations
 21424 | Lair:5   | Reached XP level 15. HP: 120/120 MP: 29/29
 21545 | Lair:5   | Found a corrupted altar of Lugonu.
 21545 | Lair:5   | Found a one-way gate to the infinite horrors of the Abyss.
 22296 | D:12     | Received a gift from Trog
 23114 | D:12     | Found a runed translucent door.
 23114 | D:12     | Noticed a fire giant
 23139 | D:12     | a catoblepas changed into a shadow dragon
 23139 | D:12     | Noticed a shadow dragon (shapeshifter)
 23275 | D:12     | a shadow dragon changed into an acid blob
 23275 | D:12     | Noticed an acid blob (shapeshifter)
 23292 | D:12     | an acid blob changed into an emperor scorpion
 23292 | D:12     | Noticed an emperor scorpion (shapeshifter)
 23306 | D:12     | an emperor scorpion changed into a formless jellyfish
 23321 | D:12     | a formless jellyfish changed into a fire giant
 23321 | D:12     | Noticed a fire giant (shapeshifter)
 23375 | D:12     | Killed a fire giant
 23475 | D:12     | Killed a fire giant
 24345 | D:13     | Found Cediutro's Tiny Tomes.
 25409 | D:14     | Found a radiant altar of Vehumet.
 25550 | D:14     | Found a runed translucent door.
 26305 | D:14     | Found a gate to the Vaults.
 26506 | D:14     | Noticed Jiolyugh's ghost (journeyman GrEE)
 26591 | D:14     | Killed Jiolyugh's ghost
 26621 | D:15     | Entered Level 15 of the Dungeon
 26738 | D:15     | Found a blossoming altar of Fedhas.
 26926 | D:15     | Noticed Rupert
 26944 | D:15     | Killed Rupert
 27108 | D:15     | Reached XP level 16. HP: 129/129 MP: 29/31
 27720 | D:15     | Found a staircase to the Depths.
 27721 | D:15     | an iron dragon changed into a caustic shrike
 27721 | D:15     | Noticed a caustic shrike (glowing shapeshifter)
 27723 | D:15     | a caustic shrike changed into an iron dragon
 27735 | D:15     | an iron dragon changed into an iron giant
 27735 | D:15     | Noticed an iron giant (glowing shapeshifter)
 27742 | D:15     | an iron giant changed into an iron dragon
 27743 | D:15     | an iron dragon changed into an acid blob
 27743 | D:15     | Noticed an acid blob (glowing shapeshifter)
 27745 | D:15     | an acid blob changed into a golden dragon
 27745 | D:15     | Noticed a golden dragon (glowing shapeshifter)
 27749 | D:15     | a golden dragon changed into a caustic shrike
 27749 | D:15     | Noticed a caustic shrike (glowing shapeshifter)
 27751 | D:15     | a caustic shrike changed into a titan
 27751 | D:15     | Noticed a titan (glowing shapeshifter)
 27753 | D:15     | Killed a titan
 28189 | Orc:1    | Entered Level 1 of the Orcish Mines
 28318 | Orc:1    | Found a shimmering altar of Xom.
 28320 | Orc:1    | Noticed Sonja
 28356 | Orc:1    | Killed Sonja
 28998 | Orc:2    | Entered Level 2 of the Orcish Mines
 28998 | Orc:2    | Noticed Nessos
 28999 | Orc:2    | Found a staircase to the Elven Halls.
 29011 | Orc:2    | Killed Nessos
 29091 | Orc:2    | Received a gift from Trog
 29597 | Orc:2    | Found Yqi Beu's Magic Scroll Shoppe.
 29597 | Orc:2    | Found Vath's Assorted Antiques.
 29597 | Orc:2    | Found Ciwnogg's Jewellery Shop.
 29600 | Orc:2    | Found Miwo's General Store.
 29636 | Orc:2    | Found a runed translucent gate.
 29638 | Orc:2    | Found a runed translucent gate.
 29638 | Orc:2    | Found a runed translucent gate.
 30057 | Orc:2    | Noticed jasper's ghost (journeyman SpVM)
 30072 | Orc:2    | Found an iron altar of Okawaru.
 30172 | Orc:2    | Bought an emerald potion for 18 gold pieces
 30215 | Orc:2    | Noticed Azrael
 30230 | Orc:2    | Killed Azrael
 30692 | Orc:2    | Bought a scroll of acquirement for 728 gold pieces
 30693 | Orc:2    | Acquired the +5 eveningstar of Hyumoam {freeze, rC+ Str+5}
 30700 | Orc:2    | Bought the ring of Ikyudd {rPois Int+6 Dex+4 Slay+2} for
                  | 1024 gold pieces
 30705 | Orc:2    | Bought an ivory ring for 105 gold pieces
 30831 | Orc:2    | Identified the +5 battleaxe "Ataeluma" {freeze, +Blink
                  | rElec rF-}
 30832 | Orc:2    | Identified the ring of Uqeixir {rN+ rCorr Str+3 Dex-3 SInv}
 30956 | Orc:2    | Killed jasper's ghost
 31090 | Snake:1  | Entered Level 1 of the Snake Pit
 31356 | Snake:1  | Found Coat's Armour Emporium.
 31356 | Snake:1  | Found Paighela's Distillery.
 31506 | Snake:1  | Bought a potion of haste for 180 gold pieces
 31899 | Snake:1  | Found a bloodstained altar of Trog.
 31914 | Snake:1  | Found Jaawo's Overcharged Wands.
 31923 | Snake:1  | Found Hini's Jewellery Emporium.
 32178 | Snake:2  | Reached XP level 17. HP: 136/137 MP: 14/32
 32189 | Snake:2  | Reached skill level 10 in Conjurations
 32189 | Snake:2  | Reached skill level 10 in Hexes
 32189 | Snake:2  | Reached skill level 10 in Summonings
 32189 | Snake:2  | Reached skill level 10 in Necromancy
 32189 | Snake:2  | Reached skill level 10 in Translocations
 32189 | Snake:2  | Reached skill level 10 in Transmutations
 32189 | Snake:2  | Reached skill level 10 in Fire Magic
 32189 | Snake:2  | Reached skill level 10 in Ice Magic
 32189 | Snake:2  | Reached skill level 10 in Air Magic
 32189 | Snake:2  | Reached skill level 10 in Earth Magic
 32189 | Snake:2  | Reached skill level 10 in Poison Magic
 32972 | Snake:2  | Identified the +3 short sword of Pootuh {flame, rF+} (Trog
                  | gifted it to you on level 2 of the Snake Pit)
 32972 | Snake:2  | Received a gift from Trog
 33537 | Snake:2  | Noticed Vashnia
 33943 | Snake:2  | Killed Vashnia
 34064 | Snake:2  | Noticed Aizul
 34086 | Snake:2  | Killed Aizul
 35004 | Snake:3  | HP: 10/207 [poisoned by a naga ritualist (toxic radiance)]
 35462 | Snake:3  | Identified the +1 leather armour "Cuuzu" {Dex+3}
 35891 | Snake:4  | Entered Level 4 of the Snake Pit
 35924 | Snake:3  | Reached XP level 18. HP: 23/146 MP: 34/34
 37392 | Orc:2    | Bought the amulet of the Princeling {Faith rCorr} for 841
                  | gold pieces
 37742 | Snake:4  | Found Qirhomni's Book Shop.
 39082 | Snake:4  | Got a serpentine rune of Zot
 39456 | Swamp:1  | Entered Level 1 of the Swamp
 40856 | Swamp:2  | Reached XP level 19. HP: 77/153 MP: 36/36
 40885 | Swamp:2  | Received a gift from Trog
 41110 | Swamp:2  | Paralysed by a fenstrider witch for 4 turns
 42391 | Swamp:3  | Received a gift from Trog
 42594 | Swamp:4  | Entered Level 4 of the Swamp
 43363 | Swamp:4  | Reached ****** piety under Trog
 43490 | Swamp:4  | Reached skill level 15 in Fighting
 43490 | Swamp:4  | Reached skill level 15 in Maces & Flails
 43548 | Swamp:4  | Noticed a bone dragon
 43557 | Swamp:4  | Killed a bone dragon
 43563 | Swamp:4  | Got a decaying rune of Zot
 43838 | Orc:2    | Bought a ring of protection from fire for 400 gold pieces
 43988 | Vaults:1 | Entered Level 1 of the Vaults
 43988 | Vaults:1 | Noticed Donald
 44010 | Vaults:1 | Killed Donald
 44230 | Vaults:1 | Noticed Zenata
 44245 | Vaults:1 | Killed Zenata
 44347 | Vaults:1 | Found Rerujoih's General Store.
 44373 | Vaults:1 | Received a gift from Trog
 44669 | Vaults:1 | Reached skill level 15 in Invocations
 45385 | Vaults:1 | Received a gift from Trog
 45454 | Vaults:1 | Paralysed by a great orb of eyes for 3 turns
 45460 | Vaults:1 | Reached XP level 20. HP: 162/162 MP: 37/37
 45462 | Vaults:1 | Found Gejiseiz's General Store.
 46157 | Vaults:1 | Found Larorgh's Antique Armour Shop.
 46482 | Vaults:1 | Upgraded the game from 0.31-a0-175-g9f7f995f2b to
                  | 0.31-a0-177-g4aa6249778
 46509 | Abyss:2  | Cast into level 2 of the Abyss (a wizard)
 46517 | Abyss:2  | Found a corrupted altar of Lugonu.
 46523 | Abyss:2  | Found a corrupted altar of Lugonu.
 46547 | Abyss:2  | Received a gift from Trog
 47192 | Abyss:2  | Killed from afar by a Hell Sentinel

Illustrated notes

Levels and vault maps discovered:
D:1:      dpeg_arrival_more_subterranean_lakeside_camping, layout_basic,
          serial_curves, eino_curves_01, eino_curves_04, eino_curves_02,
          eino_curves_03, kennysheep_nondescript, minmay_quantized
D:2:      layout_loops_ring
D:3:      layout_loops_cross, lightli_temple_of_fire,
          nicolae_gozag_cash_rules_everything_around_me,
          shapermc_ecumenical_altar_mp_vishouse
D:4:      layout_basic, chequers_temple_overflow_statue_of_worship,
          biasface_ghost_orc_armoury, minmay_misc_feat_cross
D:5:      layout_cave_pods, worldfamousw_hep_ancestral_shrine, temple_statues
D:6:      layout_basic
D:7:      layout_basic
D:8:      layout_gridville, enter_bailey_2, uniq_joseph, uniq_gastronok,
          uniq_maggie, uniq_maurice
D:9:      layout_basic, kiku_gazebo_garden_becter, special_room
          [special_room_orc], uniq_erolcha, uniq_harold, uniq_psyche
D:10:     layout_loops_ring, tgw_xom, david_orc_3, serial_shops,
          nicolae_shop_bloodbath_and_beyond, chequers_serial_rivers_small_b,
          grunt_decor_clamped, minmay_circle_x
D:11:     layout_loops_ring, david_lair_generic, chequers_serial_rivers_room_a,
          kennysheep_generic_room_5
D:12:     layout_rooms, serial_corexii_hall, corexii_hall_statues_i,
          corexii_hall_statues_i, chequers_hall_statues_y,
          chequers_hall_statues_y, corexii_hall_statues_x,
          corexii_hall_statues_x, special_room [special_room_orc],
          minmay_gold_behind_fungi, minmay_hidden_floor
D:13:     layout_grid_maze, nicolae_shop_i_like_small_books_too,
          minmay_hedge_maze
D:14:     layout_basic, ximxim_vaults_locker_room, gammafunk_ghost_grave,
          nicolae_vehumet_altar_sigil
D:15:     gammafunk_enter_depths_forms, layout_grid_maze, fedhas_altar_1,
          uniq_rupert
Lair:1:   gammafunk_boulding_lane, layout_chaotic_city, grunt_megastairs_3
Lair:2:   regret_index_wax_grids, layout_chaotic_city,
          skrybe_swamp_entry_bodies, grunt_megastairs_5, lemuel_fruit_tree
Lair:3:   layout_gridlike, minmay_snake_entry_guardpost_medium,
          portal_ice_cave_entry_imps, wad_woods_road_05,
          infiniplex_staircase_pool
Lair:4:   layout_gridlike, lemuel_another_geyser, serial_bayou_shore_a
Lair:5:   hellmonk_lair_end_abyssal_woods, layout_long_grid, slime_entry_1,
          minivault_11, nicolae_lair_liquid_snakes
Swamp:1:  layout_basic_swamp, nicolae_swamp_ascending_descending
Swamp:2:  nzn_winding_woodlands_cross [nzn_winding_woodlands_5x15_parted,
          nzn_winding_woodlands_5x15_default, nzn_winding_woodlands_5x15_pool,
          nzn_winding_woodlands_5x15_pockets,
          nzn_winding_woodlands_15x15_witchcraft], layout_basic_swamp,
          evilmike_swamp_ruin_house_5, swamp_pool5, ldierk_geyser,
          nicolae_swamp_small_spring
Swamp:3:  nicolae_swamp_wrong_neighborhood, layout_basic_swamp,
          nicolae_swamp_long_stream
Swamp:4:  swamp_pestilence, layout_basic_swamp, nicolae_swamp_snake_nest
Snake:1:  layout_onion_interference, serial_shops, shop, basic_altar,
          nicolae_shop_overcharged_wands, minmay_shoptagon
Snake:2:  nicolae_sea_snake_s, layout_rooms, grunt_megastairs_1, uniq_vashnia,
          uniq_aizul
Snake:3:  layout_misc_corridors
Snake:4:  johnstein_snake_rune_scales, layout_grid_shapes, serial_shops,
          nicolae_shop_pleasant_corner_grove, nicolae_snake_squiggles
Orc:1:    layout_caves, basic_altar, hellmonk_bongcloud_opening,
          minmay_orc_keep, uniq_sonja
Orc:2:    st_orc_rangers, layout_caves, gammafunk_ghost_fury_of_okawaru,
          uniq_nessos, uniq_azrael
Vaults:1: nicolae_vaults_frosty_reception, v_pattern_2,
          nicolae_vaults_off_center_swirl, nicolae_vaults_six-pack, v_misc_12,
          nicolae_vaults_tetromino_T_1, dpeg_vaults_monster_box,
          layout_vaults_omnigrid, serial_shops, shop, shop,
          nicolae_shop_getting_attention, uniq_zenata, uniq_donald
Vaults:2: grunt_vaults_diagonal, nicolae_vaults_network_square,
          nicolae_vaults_asterisk, ontoclasm_vaults_chip, v_misc_32,
          nicolae_vaults_tangram_2, nicolae_vaults_rhombus_6,
          nicolae_vaults_theta, vaults_room_ringed_pool, hangedman_vaults_maws,
          vaults_room_door_hall, nicolae_vaults_trapezoid_4, layout_vaults_ring
Abyss:2:  base: Swamp:3, evilmike_abyss_exit_5, minivault_25,
          spicy_abyss_planar_alliance, bh_abyss_exit_choice,
          hangedman_decor_lopped

Skill      XL: |  1  2  3  4  5  6  7  8  9 10 11 12 13 14 15 16 17 18 19 20 |
---------------+-------------------------------------------------------------+-----
Invocations    | 1 2 5 6 7 8 9 10 11 12 13 14 15 | 15.4
Short Blades   | 1 2 5 6 7 8 9 10 11 12 13 14 | 14.2
Long Blades    | 1 2 5 6 7 8 9 10 11 12 13 14 | 14.2
Axes           | 1 2 5 6 7 8 9 10 11 12 13 14 | 14.2
Polearms       | 1 2 5 6 7 8 9 10 11 12 13 14 | 14.2
Staves         | 1 2 5 6 7 8 9 10 11 12 13 14 | 14.2
Ranged Weapons | 1 2 5 6 7 8 9 10 11 12 13 14 | 14.2
Throwing       | 1 2 5 6 7 8 9 10 11 12 13 14 | 14.2
Stealth        | 1 2 5 6 7 8 9 10 11 12 13 14 | 14.2
Shields        | 1 2 5 6 7 8 9 10 11 12 13 14 | 14.2
Unarmed Combat | 1 2 5 6 7 8 9 10 11 12 13 14 | 14.2
Spellcasting   | 1 2 5 6 7 8 9 10 11 12 13 14 | 14.2
Evocations     | 1 2 5 6 7 8 9 10 11 12 13 14 | 14.2
Conjurations   | 1 4 5 6 7 8 9 10 11 12 | 12.1
Hexes          | 1 4 5 6 7 8 9 10 11 12 | 12.1
Summonings     | 1 4 5 6 7 8 9 10 11 12 | 12.1
Necromancy     | 1 4 5 6 7 8 9 10 11 12 | 12.1
Translocations | 1 4 5 6 7 8 9 10 11 12 | 12.1
Transmutations | 1 4 5 6 7 8 9 10 11 12 | 12.1
Fire Magic     | 1 4 5 6 7 8 9 10 11 12 | 12.1
Ice Magic      | 1 4 5 6 7 8 9 10 11 12 | 12.1
Air Magic      | 1 4 5 6 7 8 9 10 11 12 | 12.1
Earth Magic    | 1 4 5 6 7 8 9 10 11 12 | 12.1
Poison Magic   | 1 4 5 6 7 8 9 10 11 12 | 12.1
Armour         | 5 7 8 9 10 11 12 13 14 | 14.9
Dodging        | 5 7 8 9 10 11 12 13 14 | 14.9
Fighting       | 7 8 9 10 11 12 13 14 15 | 15.5
Maces & Flails | 7 8 9 10 11 12 13 14 15 | 15.5

Action                     |  1- 3 |  4- 6 |  7- 9 | 10-12 | 13-15 | 16-18 | 19-21 || total
---------------------------+-------+-------+-------+-------+-------+-------+-------++-------
  Melee: Mace              |   112 |   121 |       |       |       |       |       ||   233
         Bite              |     8 |    13 |    10 |    77 |   333 |   207 |   138 ||   786
         Hand axe          |       |    29 |    40 |    75 |   174 |       |       ||   318
         Flail             |       |       |   107 |   395 |    10 |       |       ||   512
         Trident           |       |       |       |    63 |       |     2 |       ||    65
         War axe           |       |       |       |    10 |    66 |   207 |       ||   283
         Whip              |       |       |       |   219 |   987 |       |       ||  1206
         Morningstar       |       |       |       |       |   823 |   130 |       ||   953
         Broad axe         |       |       |       |       |       |   291 |   244 ||   535
         Eveningstar       |       |       |       |       |       |   816 |   583 ||  1399
  Throw: Stone             |       |     4 |     4 |    14 |       |       |       ||    22
         Dart              |       |       |       |     7 |     4 |    10 |       ||    21
         Javelin           |       |       |       |     4 |   111 |    26 |    10 ||   151
         Boomerang         |       |       |       |       |     4 |       |       ||     4
 Invoke: Berserk           |     1 |     4 |     7 |    17 |    31 |    29 |    10 ||    99
         Trog's Hand       |       |     1 |     1 |    11 |    13 |    16 |    11 ||    53
         Brothers in Arms  |       |       |       |       |     5 |     8 |     2 ||    15
Ability: Evoke Blink       |       |       |       |       |       |     1 |       ||     1
  Evoke: Wand              |       |       |       |     5 |     1 |     2 |       ||     8
         Condenser vane    |       |       |       |       |     1 |     2 |       ||     3
         Phial of floods   |       |       |       |       |       |     2 |       ||     2
    Use: Potion            |       |     4 |     1 |     3 |       |     3 |     4 ||    15
         Scroll            |       |       |    20 |     8 |     7 |    18 |     1 ||    54
   Stab: Sleeping          |     1 |       |       |     4 |     4 |       |       ||     9
         Distracted        |       |       |       |     1 |       |       |     4 ||     5
 Armour: Ring mail         |    44 |    17 |       |       |       |       |       ||    61
         Animal skin       |     1 |       |       |       |       |       |       ||     1
         Chain mail        |       |    46 |    91 |    83 |     3 |       |       ||   223
         Plate armour      |       |       |       |    85 |   716 |   700 |   403 ||  1904
         Swamp dragon scal |       |       |       |   217 |   131 |       |       ||   348
  Dodge: Dodged            |    64 |    70 |    53 |   444 |   701 |   704 |   362 ||  2398
  Block: Buckler           |     3 |    27 |     8 |       |       |       |       ||    38
         Kite shield       |       |       |    54 |   608 |  1207 |  1224 |   572 ||  3665

Table legend: (Time is in decaauts)
 A = Elapsed time spent in this place.
 B = Non-inter-level travel time spent in this place.
 C = Inter-level travel time spent in this place.
 D = Time resting spent in this place.
 E = Time spent auto-exploring this place.
 F = Levels seen in this place.
 G = Mean time per level.
                   A        B        C        D        E       F      G
               +--------+--------+--------+--------+--------+-----+--------+
         Total |  47553 |  44157 |   3396 |   6393 |  27379 |  35 | 1358.7 |
       Dungeon |  18072 |  16562 |   1510 |   1844 |  11146 |  15 | 1204.8 |
          Lair |   8076 |   7185 |    891 |   1084 |   4073 |   5 | 1615.2 |
         Swamp |   4235 |   4022 |    213 |    101 |   2985 |   4 | 1058.8 |
     Snake Pit |   7970 |   7466 |    504 |    936 |   5110 |   4 | 1992.5 |
  Orcish Mines |   2851 |   2594 |    257 |    672 |   1357 |   2 | 1425.5 |
        Vaults |   2508 |   2490 |     18 |    222 |   1849 |   2 | 1254.0 |
         Abyss |    676 |    676 |      0 |    115 |    175 |   1 |  676.0 |
        Bailey |   1316 |   1316 |      0 |    424 |    313 |   1 | 1316.0 |
      Ice Cave |   1844 |   1844 |      0 |    992 |    370 |   1 | 1844.0 |
               +--------+--------+--------+--------+--------+-----+--------+

Top non-repeatable levels by time:
 Snake:2: 2637 daAuts
 Snake:3: 2579 daAuts
Vaults:1: 2505 daAuts
  Lair:5: 2004 daAuts
    D:10: 1884 daAuts
  Lair:3: 1873 daAuts
   IceCv: 1844 daAuts
    D:12: 1837 daAuts
  Lair:2: 1796 daAuts
 Swamp:2: 1674 daAuts
 Snake:4: 1626 daAuts
    D:14: 1619 daAuts
   Orc:2: 1511 daAuts
     D:4: 1506 daAuts
    D:15: 1501 daAuts
